 Dungeon Crawl Stone Soup version 0.21.0-3-g78d12a8 (webtiles) character file.

907 Ghouzt the Chopper (level 7, 0/55 HPs)
             Began as a Demonspawn Berserker on Jan 9, 2018.
             Was a Priest of Trog.
             Slain by a gnoll
             ... wielding a +0 flail
              (6 damage)
             ... on level 5 of the Dungeon on Jan 11, 2018.
             The game lasted 00:14:37 (5318 turns).

Ghouzt the Chopper (Demonspawn Berserker)           Turns: 5318, Time: 00:14:39

Health: 0/55       AC: 11    Str: 20    XL:     7   Next: 81%
Magic:  7/7        EV: 11    Int:  8    God:    Trog [***...]
Gold:   326        SH:  0    Dex: 12    Spells: 6/6 levels left

rFire    . . .     SeeInvis .   a - +0 hand axe
rCold    . . .     Gourm    .   (no shield)
rNeg     . . .     Faith    +   p - +0 scale mail
rPois    .         Spirit   .   l - +0 helmet
rElec    .         Reflect  .   (no cloak)
rCorr    .         Harm     .   (no gloves)
MR       .....                  (no boots)
Stlth    +.........             j - amulet of faith
HPRegen  0.18/turn              t - ring of flight
MPRegen  0.10/turn              (no ring)

@: berserk cooldown, slowed, very slow
A: yellow scales 2, nightstalker 1, powered by death 1
a: Berserk, Trog's Hand, Burn Spellbooks, Renounce Religion, Evoke Flight


You were on level 5 of the Dungeon.
You worshipped Trog.
Trog was most pleased with you.
You were near starving.

You visited 1 branch of the dungeon, and saw 5 of its levels.

You collected 326 gold pieces.

Inventory:

Hand Weapons
 a - a +0 hand axe (weapon)
Armour
 l - a +0 helmet (worn)
 p - a +0 scale mail (worn)
Jewellery
 j - an amulet of faith (around neck)
 t - a ring of flight (left hand)
 v - a cursed ring of loudness
 x - a +3 ring of strength {unknown}
Wands
 f - a wand of digging (25)
 s - a wand of polymorph (5)
Scrolls
 b - 3 scrolls of fog {unknown}
 d - 4 scrolls of identify
 e - 5 scrolls of remove curse {unknown}
 g - a scroll of random uselessness {unknown}
 h - 5 scrolls of enchant weapon {unknown}
 i - a scroll of amnesia {unknown}
 m - 3 scrolls of magic mapping {unknown}
 o - 2 scrolls of immolation {unknown}
 u - 2 scrolls of noise {unknown}
 y - a scroll of teleportation {unknown}
Potions
 n - a potion of curing {unknown}
 q - a potion of heal wounds {unknown}
 r - a potion of agility {unknown}
 w - a potion of magic {unknown}
Comestibles
 c - 11 rations


   Skills:
 + Level 4.7 Fighting
 * Level 6.4 Axes
 + Level 4.0 Armour
 - Level 3.0 Dodging
 - Level 0.4 Stealth


You had 6 spell levels left.
You didn't know any spells.

Dungeon Overview and Level Annotations

Branches:
Dungeon (5/15)
 Temple: D:4-7

Altars:
Ashenzari


Innate Abilities, Weirdness & Mutations

You are mostly covered in yellow scales. (AC +3)
You are slightly more attuned to the shadows.
You regenerate a little health from kills.


Message History

You are no longer berserk.
You are exhausted.
You feel yourself slow down.
The gnoll hits you from afar with a spear.
The gnoll closely misses you. The gnoll hits you but does no damage.
You hit the gnoll.
The gnoll is heavily wounded.
You hit the gnoll. You closely miss the gnoll. The gnoll hits you with a flail.
* * * LOW HITPOINT WARNING * * *
The gnoll closely misses you. The gnoll hits you with a spear.
* * * LOW HITPOINT WARNING * * *
The gnoll hits you with a flail!
* * * LOW HITPOINT WARNING * * *
You barely miss the gnoll.
The gnoll is severely wounded.
The gnoll shouts!
You hit the gnoll but do no damage. You hit the gnoll.
You hear a shout! x2
The gnoll misses you. The gnoll hits you with a flail.
You die...

≈≈≈≈≈....≈≈≈≈≈≈≈≈≈≈≈≈≈≈≈≈≈≈≈....#
≈≈≈≈≈....≈≈≈≈≈≈≈≈≈≈≈≈#####≈≈....#
.....................#ggg#≈≈....#
#####''''#############...#≈≈P...#
#....#.......# #+###≈≈....#
#....#)......# .≈≈≈....#
+....).....^.# .≈≈≈..(.#
############)# .≈≈≈....# .g..gg@#
.≈≈≈..P.# ..g..gg# .≈≈≈....#
......g# .≈≈≈....# ....%...
.≈≈≈....# #######. .≈≈≈....# ..
#+###≈≈....#
######################...#≈≈....#
.....................#.gg#≈≈....#
≈≈≈≈≈≈≈≈≈≈≈≈≈≈≈≈≈≈≈≈≈#####≈≈....#


You could see 7 gnolls.

Vanquished Creatures
  A sky beast (D:5)
  2 phantoms (D:5)
  A water moccasin zombie (D:5)
  A scorpion (D:5)
  A crimson imp (D:5)
  A gnoll shaman (D:5)
  A jelly (D:5)
  Ijyb (D:3)
  2 orc wizards
  3 worker ants
  A hound zombie (D:5)
  Robin (D:3)
  6 adders
  10 gnolls (D:5)
  A shadow imp (D:5)
  2 dart slugs (D:1)
  A leopard gecko (D:5)
  9 orcs
  A ball python (D:5)
  2 giant cockroaches
  16 goblins
  6 hobgoblins
  14 jackals (D:5)
  A quokka (D:2)
  4 bats
  4 frilled lizards
  9 kobolds
  A quokka zombie (D:5)
  7 rats
110 creatures vanquished.

Vanquished Creatures (others)
  An orc wizard (D:4)
1 creature vanquished.

Grand Total: 111 creatures vanquished

Notes
Turn   | Place    | Note
-------+----------+-------------------------------------------
     0 | D:1      | Ghouzt the Demonspawn Berserker began the quest for the Orb.
     0 | D:1      | Reached XP level 1. HP: 18/18 MP: 1/1
   270 | D:1      | Reached skill level 3 in Axes
   270 | D:1      | Gained mutation: You are partially covered in yellow scales. (AC +2) [demonic ancestry]
   270 | D:1      | Reached XP level 2. HP: 23/24 MP: 2/2
  1041 | D:2      | Reached XP level 3. HP: 24/29 MP: 3/3
  1299 | D:2      | Reached ** piety under Trog
  1925 | D:3      | Noticed Robin
  1942 | D:3      | Killed Robin
  1942 | D:3      | Gained mutation: You regenerate a little health from kills. [demonic ancestry]
  1942 | D:3      | Reached XP level 4. HP: 36/36 MP: 4/4
  2366 | D:3      | Noticed Ijyb
  2401 | D:3      | Killed Ijyb
  2401 | D:3      | Reached skill level 4 in Axes
  2681 | D:4      | Gained mutation: You are slightly more attuned to the shadows. [demonic ancestry]
  2681 | D:4      | Reached XP level 5. HP: 36/42 MP: 5/5
  3093 | D:4      | Got a transparent mace
  3580 | D:5      | Entered Level 5 of the Dungeon
  3618 | D:5      | Gained mutation: You are mostly covered in yellow scales. (AC +3) [demonic ancestry]
  3618 | D:5      | Reached XP level 6. HP: 22/48 MP: 6/6
  3905 | D:5      | Reached skill level 5 in Axes
  3976 | D:5      | Noticed a sky beast
  3994 | D:5      | Killed a sky beast
  3994 | D:5      | Reached XP level 7. HP: 43/55 MP: 7/7
  4576 | D:5      | Found a shattered altar of Ashenzari.
  4728 | D:5      | Reached *** piety under Trog
  4728 | D:5      | Reached skill level 6 in Axes
  5318 | D:5      | Slain by a gnoll

Skill      XL: |  1  2  3  4  5  6  7 |
---------------+----------------------+-----
Axes           | 3 4 5 6 |  6.4
Dodging        | 2 3 |  3.0
Armour         | 2 3 4 |  4.0
Fighting       | 4 |  4.7
Stealth        | |  0.4

Action                   |  1- 3 |  4- 6 |  7- 9 || total
-------------------------+-------+-------+-------++-------
Melee: Hand axe          |   110 |   173 |   296 ||   579
       Unarmed           |       |    12 |       ||    12
Invok: Berserk           |     1 |     3 |     2 ||     6
       Trog's Hand       |       |     1 |     1 ||     2
       Burn Spellbooks   |       |     1 |       ||     1
  Use: Scroll            |       |     2 |       ||     2
       Potion            |       |       |     2 ||     2
  Eat: Chunk             |     3 |    10 |     3 ||    16
       Ration            |       |       |     1 ||     1
Armor: Animal skin       |     9 |       |       ||     9
       Ring mail         |    33 |       |       ||    33
       Scale mail        |     7 |   104 |   152 ||   263
       Skin              |       |     1 |     8 ||     9
Dodge: Dodged            |    70 |    90 |   170 ||   330
